Map: Dusk Towers

Players

UnCameleon

  • Race: Terran Terran
  • League: Master

Miszu - Winner!

  • Race: Terran Terran
  • League: Master

VOD

Have the link to the VOD?

Description

Time

  • Played on: July 3, 2016, 10:15 a.m.
  • Length: 4:56
Show
View Real Time Build Order
Export as new Build Order

UnCameleon Terran 

Build Orders:  

Get SALT Encoding   

  12  0:08  Supply Depot  
  12  0:24  SCV  
  13  0:36  Barracks  
  13  0:41  Refinery  
  13  0:54  Barracks  
  13  1:03  Refinery  
  13  1:25  Reaper  
  13  1:30  Barracks  
  14  1:41  Reaper  
  15  1:58  Reaper  
  16  2:14  Reaper  
  17  2:17  Reaper  
  16  2:33  Reaper  
  17  2:46  Reaper  
  17  3:09  Reaper  
  17  3:20  Reaper  
  16  3:28  Reaper  
  17  3:42  Reaper  
  17  3:46  Barracks, SCV  
  19  3:52  Reaper  
  19  4:06  Reaper  
Show
View Real Time Build Order
Export as new Build Order

Miszu Terran - Winner!

Build Orders:  

Get SALT Encoding   

  12  0:01  SCV  
  13  0:13  SCV  
  14  0:17  Supply Depot  
  14  0:25  SCV  
  15  0:39  SCV  
  15  0:41  Barracks  
  16  0:43  Refinery  
  16  0:51  SCV  
  17  1:00  Barracks  
  17  1:03  SCV  
  18  1:15  SCV  
  19  1:28  Reaper  
  19  1:29  Orbital Command  
  19  1:31  Supply Depot  
  20  1:47  Reaper  
  21  1:55  SCV  
  22  2:05  Reaper  
  23  2:18  SCV  
  24  2:31  Reaper  
  24  2:33  SCV  
  24  2:35  Refinery, Barracks  
  26  2:38  Supply Depot, Barracks  
  26  2:50  Reaper, SCV  
  28  2:53  Command Center  
  28  3:03  Reaper  
  27  3:11  SCV  
  25  3:22  Reaper  
  25  3:28  Reaper, SCV  
  27  3:35  Marine, Reaper  
  27  3:40  SCV  
  30  3:52  SCV  
  30  3:53  Reaper  
  30  3:54  Reaper  
  33  4:00  Reaper  
  34  4:04  Supply Depot, SCV  
  34  4:14  Reaper  
  34  4:16  SCV  
  37  4:17  SCV  
  37  4:30  SCV  
  37  4:31  Orbital Command  
  40  4:42  SCV  
Tags
 
Add a new tag
Caveats
  • Supply blocks, unpowered buildings, or Contaminate may cause inaccurate times.
  • Supply counts are checked every 10 seconds.